 Dungeon Crawl Stone Soup version 0.26.1-11-gd32895ea62 (webtiles) character file.

Game seed: 15794244772634463587

339736 DildoBatman the Earth Mage (level 22, -2/159 HPs)
             Began as a Formicid Conjurer on July 28, 2021.
             Was an Initiate of Gozag.
             Slain by a titan (22 damage)
             ... on level 4 of the Vaults.
             The game lasted 03:22:56 (48410 turns).

DildoBatman the Earth Mage (Formicid Conjurer)     Turns: 48410, Time: 03:22:57

Health: -2/159     AC: 19    Str: 15    XL:     22   Next: 96%
Magic:  16/38      EV: 20    Int: 20    God:    Gozag
Gold:   9046       SH: 35    Dex: 24    Spells: 8/45 levels left

rFire    + + .     SeeInvis +   b - +6 fustibalus "Seixt" {vorpal, *Slow rF+ Dex+4}
rCold    . . .     Faith    .   Z - +10 tower shield of Ignorance {rN+ Int-4}
rNeg     + + .     Spirit   .   o - +4 troll leather armour
rPois    +         Reflect  +   (helmet unavailable)
rElec    +         Harm     .   G - +2 cloak "Zilim" {rElec rPois rC- Str+3}
rCorr    +         Rampage  .   h - +1 pair of gloves of Wasted Space {rElec Regen+ Stlth+}
Will     ++...                  (no boots)
Stlth    +++.......             g - amulet of reflection
HPRegen  1.16/turn              E - ring of Goemisea {rC+ Int+5}
MPRegen  0.26/turn              U - ring of Afalah {*Contam rF+ rN+ rCorr Dex+4}

@: gold aura
A: permanent stasis, dig shafts and tunnels, four strong arms, antennae 3, beak,
hooves 1, repulsion field 1, yellow scales 1, dopey 1
}: 2/15 runes: serpentine, barnacled
a: Dig, Shaft Self, Renounce Religion, Potion Petition, Call Merchant, Bribe
Branch


You were on level 4 of the Vaults.
You worshipped Gozag.
Gozag was greatly pleased with you.
You visited 7 branches of the dungeon, and saw 36 of its levels.
You also visited: Sewer and Gauntlet.

You collected 16699 gold pieces.
You spent 6849 gold pieces at shops.
You paid 804 gold pieces to Gozag.

Inventory:

Hand Weapons
 a - the +7 great sword of Bodily Harmony {vorpal, rC+ Int+3 Stlth+}
   (You found it in a Gauntlet)

   It inflicts extra damage upon your enemies.
   It affects your intelligence (+3).
   It protects you from cold.
   It makes you more stealthy.
 b - the +6 fustibalus "Seixt" (weapon) {vorpal, *Slow rF+ Dex+4}
   (You found it in a Gauntlet)

   Any stone fired from it inflicts extra damage.
   It affects your dexterity (+4).
   It protects you from fire.
   It may slow you when you take damage.
 e - the +9 dagger "Vydinav" {vorpal, +Inv +Fly Str+3}
   (You bought it in a shop on level 2 of the Vaults)

   It inflicts extra damage upon your enemies.
   It affects your strength (+3).
   It lets you turn invisible.
   It lets you fly.
Missiles
 j - 1033 arrows
 s - 1777 bolts
 u - 315 sling bullets
 y - 32 silver javelins
 D - 8 throwing nets
 I - 1031 stones (quivered ammo)
Armour
 h - the +1 pair of gloves of Wasted Space (worn) {rElec Regen+ Stlth+}
   (You found it on level 4 of the Snake Pit)

   It insulates you from electricity.
   It increases your rate of regeneration.
   It makes you more stealthy.
 o - a +4 troll leather armour (worn)
 G - the +2 cloak "Zilim" (worn) {rElec rPois rC- Str+3}
   (You found it on level 1 of the Shoals)

   It affects your strength (+3).
   It makes you vulnerable to cold.
   It insulates you from electricity.
   It protects you from poison.
 Z - the +10 tower shield of Ignorance (worn) {rN+ Int-4}
   (You found it on level 7 of the Dungeon)

   It affects your intelligence (-4).
   It protects you from negative energy.
Jewellery
 g - an amulet of reflection (around neck)
 r - the amulet "Rungojam" {Will- Regen+ Dex+8 Slay-4}
   (You found it in a Gauntlet)

   [amulet of regeneration]

   It affects your dexterity (+8).
   It affects your accuracy and damage with ranged weapons and melee attacks
   (-4).
   It affects your willpower, your defense against some magical effects.
   It increases your rate of regeneration.
 A - the ring of the Hare {EV+8}
   (You bought it in a shop on level 2 of the Vaults)

   [ring of evasion]

   It affects your evasion (+8).
 E - the ring of Goemisea (left hand) {rC+ Int+5}
   (You took it off an ogre mage on level 13 of the Dungeon)

   [ring of protection from cold]

   It affects your intelligence (+5).
   It protects you from cold.
 U - the ring of Afalah (right hand) {*Contam rF+ rN+ rCorr Dex+4}
   (You found it in a Gauntlet)

   [ring of resist corrosion]

   It affects your dexterity (+4).
   It protects you from fire.
   It protects you from negative energy.
   It causes magical contamination when unequipped.
   It provides partial protection from all sources of acid and corrosion.
Wands
 d - a wand of iceblast (32)
 i - a wand of disintegration (53)
 K - a wand of acid (51)
Scrolls
 l - 4 scrolls of amnesia
 m - 4 scrolls of fear
 n - a scroll of torment
 q - 2 scrolls of enchant armour
 w - 5 scrolls of fog
 x - 22 scrolls of remove curse
 z - 22 scrolls of identify
 C - 7 scrolls of magic mapping
 H - 3 scrolls of summoning
 J - 6 scrolls of immolation
 P - 6 scrolls of holy word
Potions
 c - 6 potions of might
 f - a potion of mutation
 k - 21 potions of curing
 p - 4 potions of heal wounds
 v - 5 potions of resistance
 B - 4 potions of cancellation
 M - 8 potions of ambrosia
 O - 12 potions of brilliance
 V - 2 potions of magic
 W - 4 potions of invisibility
Miscellaneous
 t - a condenser vane


   Skills:
 - Level 10.0 Fighting
 - Level 1.0 Slings
 - Level 16.3 Armour
 - Level 7.0 Dodging
 - Level 2.4 Stealth
 - Level 15.0 Shields
 - Level 12.0 Spellcasting
 - Level 6.0 Conjurations
 * Level 18.5 Necromancy
 - Level 6.0 Fire Magic
 - Level 10.0 Ice Magic
 - Level 6.0 Air Magic
 - Level 20.1 Earth Magic
 - Level 5.0 Poison Magic
 - Level 8.0 Evocations


You had 8 spell levels left.
You knew the following spells:

 Your Spells              Type           Power        Failure   Level
a - Borgnjor's Vile Clut  Necr/Erth      37%          1%          5
b - Conjure Flame         Conj/Fire      36%          1%          3
c - Bolt of Magma         Conj/Fire/Erth 26%          2%          5
d - Vampiric Draining     Necr           36%          0%          3
e - Mephitic Cloud        Conj/Pois/Air  34%          1%          3
g - Ozocubu's Armour      Ice            51%          1%          3
h - Dispel Undead         Necr           72%          1%          4
i - Shatter               Erth           37%          86%         9
z - Sublimation of Blood  Necr           36%          0%          2

Your spell library contained the following spells:

 Spells                   Type           Power        Failure   Level
 Animate Skeleton         Necr           100%         0%          1
 Pain                     Necr           100%         0%          1
 Sandblast                Erth           100%         0%          1
 Foxfire                  Conj/Fire      100%         1%          1
 Freeze                   Ice            100%         1%          1
 Magic Dart               Conj           100%         1%          1
 Shock                    Conj/Air       100%         1%          1
 Corpse Rot               Necr/Air       N/A          1%          2
 Passwall                 Tmut/Erth      42%          1%          2
 Poisonous Vapours        Pois/Air       68%          1%          2
 Searing Ray              Conj           72%          1%          2
 Frozen Ramparts          Ice            100%         1%          3
 Static Discharge         Conj/Air       36%          1%          3
 Stone Arrow              Conj/Erth      100%         1%          3
 Animate Dead             Necr           36%          1%          4
 Leda's Liquefaction      Hex/Erth       25%          1%          4
 Petrify                  Tmut/Erth      51%          1%          4
 Agony                    Necr           72%          1%          5
 Lee's Rapid Deconstruct  Erth           37%          1%          5
 Sting                    Tmut/Pois      88%          2%          1
 Hailstorm                Conj/Ice       44%          2%          4
 Simulacrum               Ice/Necr       31%          2%          6
 Ignite Poison            Fire/Tmut/Pois 26%          4%          3
 Iron Shot                Conj/Erth      29%          4%          6
 Dazzling Flash           Conj/Hex       48%          5%          3
 Inner Flame              Hex/Fire       24%          5%          3
 Airstrike                Air            18%          5%          4
 Sticky Flame             Conj/Fire      36%          5%          4
 Corona                   Hex            13%          6%          1
 Summon Small Mammal      Summ           48%          6%          1
 Ice Form                 Ice/Tmut       32%          9%          4
 Olgreb's Toxic Radiance  Pois           32%          9%          4
 Summon Ice Beast         Ice/Summ       32%          9%          4
 Slow                     Hex            12%          10%         2
 Fireball                 Conj/Fire      18%          16%         5
 Iskenderun's Battlesphe  Conj           36%          16%         5
 Lightning Bolt           Conj/Air       18%          16%         5
 Ozocubu's Refrigeration  Ice            25%          16%         6
 Call Canine Familiar     Summ           12%          19%         3
 Confusing Touch          Hex            12%          19%         3
 Gell's Gravitas          Tloc           6%           19%         3
 Portal Projectile        Hex/Tloc       24%          19%         3
 Summon Guardian Golem    Hex/Summ       12%          19%         3
 Fulminant Prism          Conj/Hex       12%          19%         4
 Iskenderun's Mystic Bla  Conj/Tloc      24%          19%         4
 Summon Lightning Spire   Summ/Air       24%          19%         4
 Metabolic Englaciation   Hex/Ice        16%          22%         5
 Borgnjor's Revivificati  Necr           36%          22%         8
 Infestation              Necr           36%          22%         8
 Silence                  Hex/Air        12%          45%         5
 Freezing Cloud           Conj/Ice/Air   20%          45%         6
 Cause Fear               Hex            6%           54%         4
 Conjure Ball Lightning   Conj/Air       18%          63%         6
 Haunt                    Necr/Summ      24%          77%         7
 Yara's Violent Unravell  Hex/Tmut       6%           87%         5
 Orb of Destruction       Conj           18%          99%         7
 Dispersal                Tloc           6%           100%        6
 Spellforged Servitor     Conj/Summ      12%          100%        7
 Disjunction              Tloc           6%           100%        8
 Ignition                 Fire           18%          100%        8
 Necromutation            Tmut/Necr      24%          100%        8
 Death's Door             Necr           36%          97%         9
 Dragon's Call            Summ           6%           100%        9
 Tornado                  Air            18%          100%        9
 Swiftness                Air            Unusable     N/A         2

Dungeon Overview and Level Annotations

Branches:
Dungeon (15/15)            Temple (1/1) D:5            Lair (6/6) D:8
 Shoals (4/4) Lair:4        Snake (4/4) Lair:2        Slime (0/5) Lair:6
    Orc (2/2) D:12            Elf (0/3) Orc:2        Vaults (4/5) D:14
  Crypt (0/3) Vaults:2     Depths (0/5) D:15          Sewer (visited)
Gauntlet (visited)

Altars:
Ashenzari
Cheibriados
Dithmenos
Elyvilon
Fedhas
Gozag
Hepliaklqana
Kikubaaqudgha
Makhleb
Nemelex Xobeh
Okawaru
Qazlal
Ru
Sif Muna
Trog
Uskayaw
Vehumet
Wu Jian
Xom
Yredelemnul
Zin
The Shining One
Beogh

Shops:
Orc:1 [?:[:   Orc:2 [**:   Snake:3 [}?*?   Snake:4 =   Vaults:2 (=(!

Portals:
Trove: D:13 (show slimy rune of Zot)


Innate Abilities, Weirdness & Mutations

You cannot be hasted, slowed, berserked, paralysed or teleported.
You can dig through walls and to a lower floor.
Your four strong arms can wield two-handed weapons with a shield.
You have a pair of large antennae on your head. (SInv)
You have a beak for a mouth.
You have large cloven feet.
You are surrounded by a mild repulsion field. (EV +2)
You are partially covered in yellow scales. (AC +2)
You are dopey. (Int -2)


Message History

The deep troll bites you but does no damage.
The deep troll claws you. You block the deep troll's attack.
The vault warden is engulfed in blazing flames.
Flame seeps out of the vault warden.
The ghostly storm dragon is engulfed in blazing flames.
The ghostly storm dragon bites you!
The ghostly storm dragon closely misses you.
You block the ghostly storm dragon's attack.
You block the Executioner's attack. x2
The Executioner hits you but does no damage.
The iron dragon is engulfed in blazing flames.
Flame seeps out of the iron dragon.
The iron dragon struggles to escape constriction.
The Hell Sentinel struggles to escape constriction.
The shadow dragon is engulfed in blazing flames.
Flame seeps out of the shadow dragon.
The titan hits you!!
You die...
Your body crumbles into a pile of gold. ..........##..............# ..........##..''''''''''..# ..........##..' ++++

'..# ..........##..'+++$+++
'..# ..........##..++D4.D(+
'..# #####'''####..+'DeD$[+
'..# # #.)....#..+e1p9c*+
'..# # #......#..'+1DCD°+
'..# # #......#..'+@Te§++
'..# # #......#..'++C$+++
'..# #
#.<....#..'''+++''''..# #
#......'..............#
#########'##..............#
#..........####'###########
'..........# #.........#
#..........# #.........#
#..........# #.........#


You could see a Hell Sentinel (summoned, clutched), 2 shadow dragons, an iron
dragon (inner flame, clutched), 2 titans, 2 storm dragons, a ghostly storm
dragon (catching breath, clutched), a vault warden (inner flame, clutched), a
yaktaur captain (inner flame, invisible), a deep elf death mage (inner flame),
an Executioner (summoned, fast, inner flame), a deep elf elementalist (fast,
inner flame, repels missiles), a deep troll shaped shifter, a deep elf
demonologist (inner flame), a war gargoyle (inner flame), a rust devil
(summoned) and a lost soul (summoned).

Vanquished Creatures
  Frederick (Vaults:3)
  A tentacled monstrosity (Vaults:2)
  A kraken (Shoals:4)
  A sphinx (Vaults:4)
  Kirke (Snake:3)
  A storm dragon (shapeshifter) (Vaults:2)
  2 storm dragons
  Ilsuiw (Shoals:4)
  The ghost of archon2 the Scorcher, an adept DEFE of Vehumet (Shoals:1)
  A deep elf sorcerer (Vaults:4)
  9 nagarajas
  3 fire giants
  A frost giant (Vaults:4)
  An orc warlord (D:12)
  11 vault wardens
  Aizul (Shoals:2)
  4 very ugly things
  7 ironheart preservers
  3 stone giants (Vaults:2)
  Azrael (D:12)
  3 deep elf annihilators (Vaults:4)
  A minotaur (Gauntlet)
  8 merfolk javelineers
  A green death (Gauntlet)
  2 death oozes (Gauntlet)
  A fire dragon (Vaults:4)
  A jiangshi (Vaults:2)
  An ettin (Vaults:4)
  An eidolon (Vaults:2)
  2 great orbs of eyes
  Josephine (D:9)
  10 yaktaur captains
  12 merfolk impalers
  10 naga warriors
  3 ice dragons
  Harold (D:10)
  12 vault guards
  9 hydras
  2 rakshasas
  8 boulder beetles
  6 centaur warriors
  A death knight (D:15)
  9 ogre magi
  3 merfolk avatars
  5 merfolk aquamancers
  29 two-headed ogres
  An alligator snapping turtle (Shoals:4)
  2 satyrs
  11 anacondas
  A tengu warrior (D:10)
  A deep troll shaman (Vaults:1)
  An orc high priest (Orc:1)
  6 shock serpents
  7 naga sharpshooters
  7 deep elf knights
  An iron troll (Orc:2)
  4 skeletal warriors
  A salamander mystic (Snake:3)
  2 deep trolls
  17 sea snakes
  2 glowing orange brains (Gauntlet)
  8 deep elf archers
  2 wizards (Vaults:2)
  4 orange crystal statues (D:7)
  11 ironbrand convokers
  A wolf spider zombie (D:13)
  A necromancer (Vaults:2)
  8 orc knights
  2 naga ritualists
  4 wolf spiders
  A mana viper (shapeshifter) (D:14)
  4 mana vipers
  26 harpies
  16 manticores
  7 salamanders
  4 orb spiders (shapeshifter)
  16 fauns
  3 orc sorcerers
  25 cyclopes
  15 deep elf magi
  A salamander (shapeshifter) (D:15)
  11 merfolk sirens
  15 ugly things
  8 vault sentinels
  4 centaur zombies
  A guardian serpent (shapeshifter) (Vaults:2)
  26 black mambas
  8 elephants
  17 naga magi
  10 water nymphs
  An orange demon (Gauntlet)
  19 guardian serpents
  Maggie (D:6)
  2 gargoyles
  33 cane toads
  2 rime drakes
  A hellion (Gauntlet)
  An efreet (D:13)
  10 komodo dragons
  57 yaktaurs
  A yaktaur (shapeshifter) (Vaults:1)
  2 tengu conjurers (D:14)
  7 freezing wraiths
  11 trolls
  9 wind drakes
  6 polar bears
  32 merfolk
  25 slime creatures
  A wind drake (shapeshifter) (Vaults:2)
  A sphinx simulacrum (Vaults:1)
  2 hornets
  38 blink frogs
  A raiju (Gauntlet)
  4 dream sheep (Shoals:1)
  A boulder beetle zombie (D:11)
  8 snapping turtles
  4 tyrant leeches (Lair:6)
  Sigmund (D:6)
  5 shadows
  4 flying skulls (D:9)
  10 water elementals
  An air elemental (D:14)
  6 wyverns
  10 wraiths
  56 yaks
  A basilisk (shapeshifter) (Vaults:4)
  2 yaks (shapeshifter)
  A steam dragon (D:10)
  20 vampire mosquitoes
  A wyvern (shapeshifter) (D:10)
  7 fire elementals
  6 hogs (Snake:4)
  2 basilisks
  A two-headed ogre zombie (D:11)
  Edmund (D:3)
  9 wargs
  3 acid dragons
  67 nagas
  2 soldier ants
  Duvessa (D:5)
  3 hell hounds
  14 water moccasins
  A two-headed ogre skeleton (Orc:2)
  A floating eye (shapeshifter) (Vaults:2)
  29 orc warriors
  5 ice beasts
  4 sky beasts
  3 necrophages
  4 phantoms
  2 black bears (shapeshifter)
  10 boggarts
  A tengu (shapeshifter) (D:13)
  6 black bears
  38 ogres
  22 wolves
  A boggart (shapeshifter) (Vaults:3)
  9 centaurs
  A big kobold (Sewer)
  A komodo dragon zombie (D:13)
  An earth elemental (D:14)
  39 bullfrogs
  A wyvern zombie (D:9)
  Dowan (D:5)
  A wyvern skeleton (D:9)
  A water moccasin skeleton (D:10)
  A cyclops skeleton (D:13)
  6 scorpions
  16 killer bees
  A troll zombie (D:12)
  A tengu zombie (D:13)
  21 wights
  A troll skeleton (Orc:2)
  9 howler monkeys
  An electric eel (Lair:6)
  A bullfrog zombie (D:9)
  4 quasits
  4 jellies
  5 bullfrog skeletons
  9 hounds
  16 orc priests
  2 gnoll shamans
  12 centaur skeletons
  4 iguanas
  21 orc wizards
  7 worker ants
  A lightning spire (Gauntlet)
  A big kobold zombie (Sewer)
  A centaur simulacrum (D:10)
  5 ogre zombies (D:12)
  An acid dragon skeleton (D:12)
  6 hound zombies
  An ogre skeleton (Orc:2)
  5 hound skeletons
  2 howler monkey zombies
  5 worker ant zombies
  Robin (D:2)
  13 gnolls
  A howler monkey skeleton (D:9)
  3 river rats (D:6)
  9 adders
  6 shadow imps
  6 white imps
  3 ufetubi
  9 oozes
  5 adder skeletons
  5 adder zombies
  4 worms
  5 dart slugs
  7 leopard geckos
  85 orcs
  A ball python (D:3)
  A bat zombie (D:13)
  9 giant cockroaches
  13 goblins
  8 hobgoblins
  4 jackals (D:4)
  8 quokkas
  An ancestor (D:8)
  10 bats
  13 frilled lizards
  A giant cockroach zombie (D:11)
  A gnoll skeleton (Orc:1)
  4 hobgoblin zombies
  A jackal zombie (D:11)
  24 kobolds
  A leopard gecko skeleton (D:4)
  3 orc skeletons
  17 orc zombies
  2 quokka skeletons
  A quokka zombie (D:10)
  7 rats
  A rat skeleton (D:12)
  A fungus (Lair:6)
  4 tentacles (Shoals:4)
1681 creatures vanquished.

Vanquished Creatures (others)
  An unseen horror (D:10)
  A wolf spider zombie (D:12)
  A guardian serpent (Snake:4)
  Grinder (Sewer)
  A yak (D:12)
  An acid dragon skeleton (D:12)
  3 kobold zombies (Sewer)
  2 orc zombies (D:12)
  4 demonic plants (Gauntlet)
  77 fungi
  198 plants
  11 tentacles (Shoals:4)
301 creatures vanquished.

Grand Total: 1982 creatures vanquished

Notes
Turn   | Place    | Note
-------+----------+-------------------------------------------
     0 | D:1      | DildoBatman the Formicid Conjurer began the quest for the
                  | Orb.
     0 | D:1      | Reached XP level 1. HP: 13/13 MP: 3/3
   142 | D:1      | Reached XP level 2. HP: 19/19 MP: 1/5
   145 | D:1      | Learned a level 2 spell: Searing Ray
   696 | D:1      | Reached XP level 3. HP: 24/24 MP: 2/6
  1110 | D:2      | Reached XP level 4. HP: 30/30 MP: 2/7
  1299 | D:2      | Reached skill level 5 in Conjurations
  1786 | D:3      | Found a glowing golden altar of the Shining One.
  1979 | D:3      | Reached skill level 1 in Fighting
  1979 | D:3      | Reached skill level 1 in Armour
  1979 | D:3      | Reached XP level 5. HP: 33/37 MP: 0/8
  2784 | D:4      | Reached XP level 6. HP: 44/44 MP: 3/10
  2893 | D:4      | Noticed Robin
  3090 | D:4      | Reached skill level 1 in Slings
  3431 | D:4      | Noticed an ogre
  3436 | D:4      | Killed an ogre
  3437 | D:4      | Reached XP level 7. HP: 50/50 MP: 8/12
  3501 | D:4      | Noticed Edmund
  3929 | D:5      | Entered Level 5 of the Dungeon
  3978 | D:5      | Noticed Dowan
  4021 | D:5      | Reached skill level 5 in Spellcasting
  4100 | D:5      | Noticed Duvessa
  4707 | D:5      | Found a staircase to the Ecumenical Temple.
  4713 | Temple   | Entered the Ecumenical Temple
  4953 | Temple   | Became a worshipper of Kikubaaqudgha
  5179 | D:4      | Reached XP level 8. HP: 45/56 MP: 6/17
  5325 | D:6      | Reached skill level 1 in Necromancy
  5476 | D:6      | Found a glowing drain.
  5486 | Sewer    | Entered a sewer
  5560 | Sewer    | Reached * piety under Kikubaaqudgha
  5560 | Sewer    | Identified Kikubaaqudgha's Volume of Evil Rites
                  | (Kikubaaqudgha gifted it to you in a sewer)
  5560 | Sewer    | Received a gift from Kikubaaqudgha
  5565 | Sewer    | Learned a level 2 spell: Sublimation of Blood
  5569 | Sewer    | Learned a level 3 spell: Vampiric Draining
  5671 | Sewer    | Found a burning altar of Makhleb.
  5743 | Sewer    | Noticed Grinder
  5751 | Sewer    | Killed Grinder
  5752 | Sewer    | Reached XP level 9. HP: 64/64 MP: 10/19
  6001 | D:6      | Noticed Sigmund
  6007 | D:6      | Killed Sigmund
  6036 | D:6      | Found a sacrificial altar of Ru.
  6278 | D:6      | Noticed Maggie
  6290 | D:6      | Killed Maggie
  6354 | D:6      | Reached skill level 5 in Fighting
  6354 | D:6      | Reached skill level 5 in Armour
  6561 | D:7      | Reached skill level 5 in Necromancy
  6694 | D:7      | Reached ** piety under Kikubaaqudgha
  6742 | D:7      | Reached XP level 10. HP: 62/74 MP: 14/20
  6900 | D:7      | Found a runed translucent door.
  6901 | D:7      | Noticed an orange crystal statue
  6902 | D:7      | Found the +10 tower shield of Ignorance {rN+ Int-4}
  6962 | D:7      | Found a runed translucent door.
  7320 | D:8      | Found a snail-covered altar of Cheibriados.
  7322 | D:8      | Found a hide-covered altar of Uskayaw.
  7329 | D:8      | Found a bloodstained altar of Trog.
  7329 | D:8      | Found a blossoming altar of Fedhas.
  7333 | D:8      | Found a broken altar of Ashenzari.
  7335 | D:8      | Found an opulent altar of Gozag.
  7463 | D:8      | Reached *** piety under Kikubaaqudgha
  7463 | D:8      | Identified Kikubaaqudgha's Compendium of Evil Magic
                  | (Kikubaaqudgha gifted it to you on level 8 of the Dungeon)
  7463 | D:8      | Received a gift from Kikubaaqudgha
  7470 | D:8      | Learned a level 4 spell: Dispel Undead
  7476 | D:8      | Learned a level 5 spell: Borgnjor's Vile Clutch
  7478 | D:8      | Found a staircase to the Lair.
  7486 | D:8      | Reached skill level 1 in Earth Magic
  7537 | D:8      | Reached skill level 2 in Earth Magic
  7654 | D:8      | Reached skill level 3 in Earth Magic
  7774 | D:8      | Reached skill level 4 in Earth Magic
  7827 | D:8      | Learned a level 3 spell: Conjure Flame
  7952 | D:8      | Reached skill level 5 in Earth Magic
  7957 | D:8      | Reached skill level 6 in Earth Magic
  7982 | D:8      | Found a hazy altar of Hepliaklqana.
  7985 | D:8      | Found a shadowy altar of Dithmenos.
  8090 | D:9      | Reached XP level 11. HP: 64/79 MP: 12/21
  8094 | D:9      | Reached skill level 7 in Earth Magic
  8239 | D:9      | Reached skill level 8 in Earth Magic
  8245 | D:9      | Reached skill level 9 in Earth Magic
  8311 | D:9      | Reached **** piety under Kikubaaqudgha
  8369 | D:9      | Found a burning altar of Makhleb.
  8414 | D:9      | Found a hide-covered altar of Uskayaw.
  8533 | D:9      | Reached skill level 1 in Fire Magic
  8793 | D:9      | Noticed a skeletal warrior
  8958 | D:9      | Found a stormy altar of Qazlal.
  9037 | D:9      | Killed a skeletal warrior
  9062 | D:9      | Identified the +1 robe "Zoreiq" {rPois Dex-3 Stlth+}
  9062 | D:9      | Noticed Josephine
  9081 | D:9      | Killed Josephine
  9399 | D:10     | Entered Level 10 of the Dungeon
  9560 | D:10     | Noticed Harold
  9572 | D:10     | Killed Harold
  9573 | D:10     | Reached XP level 12. HP: 88/88 MP: 14/23
  9744 | D:10     | Noticed an unseen horror
  9745 | D:10     | Noticed a shock serpent
  9745 | D:10     | Noticed a centaur warrior
  9745 | D:10     | Noticed a rakshasa
  9757 | D:10     | Noticed a tengu warrior
  9758 | D:10     | Noticed a four-headed hydra
 10074 | D:10     | Noticed a boulder beetle
 10485 | D:10     | Gained mutation: You possess an exceptional clarity of
                  | mind. [potion of mutation]
 10485 | D:10     | Gained mutation: You are robust. (+10% HP) [potion of
                  | mutation]
 10667 | D:11     | Reached skill level 10 in Earth Magic
 10716 | D:11     | Reached ***** piety under Kikubaaqudgha
 11445 | D:12     | Noticed a boulder beetle
 11484 | D:12     | Reached skill level 5 in Dodging
 11514 | D:12     | Killed a boulder beetle
 11515 | D:12     | Reached skill level 10 in Necromancy
 11779 | D:12     | Noticed a two-headed ogre
 11794 | D:12     | Killed a two-headed ogre
 11852 | D:12     | Noticed Azrael
 12363 | D:12     | Reached XP level 13. HP: 102/105 MP: 14/25
 12484 | D:12     | Found a staircase to the Orcish Mines.
 12501 | Orc:1    | Entered Level 1 of the Orcish Mines
 12501 | Orc:1    | Found Gazadghu's Book Boutique.
 12524 | Orc:1    | Found Zuwess's Antique Armour Boutique.
 12648 | Orc:1    | Found Xyna's Magic Scroll Shop.
 12668 | Orc:1    | Bought a scroll of noise for 12 gold pieces
 12668 | Orc:1    | Bought a scroll of magic mapping for 42 gold pieces
 12881 | Orc:1    | Reached skill level 5 in Fire Magic
 12887 | Orc:1    | Noticed an orc warlord
 12900 | Orc:1    | Found a roughly hewn altar of Beogh.
 13240 | Orc:1    | Found Quniohin's Book Shop.
 13262 | Orc:1    | Found Caufey's Armour Emporium.
 13432 | Orc:2    | Entered Level 2 of the Orcish Mines
 13533 | Orc:2    | Found a staircase to the Elven Halls.
 13612 | Orc:2    | Reached ****** piety under Kikubaaqudgha
 13614 | Orc:2    | Reached skill level 11 in Earth Magic
 13615 | Orc:2    | Received a gift from Kikubaaqudgha
 14411 | D:11     | Fell from the grace of Kikubaaqudgha
 14503 | D:8      | Became a worshipper of Gozag Ym Sagoz the Greedy
 14569 | D:8      | Lost mutation: You possess an exceptional clarity of mind.
                  | [potion of mutation]
 14569 | D:8      | Lost mutation: You are robust. (+10% HP) [potion of
                  | mutation]
 14569 | D:8      | Gained mutation: You are partially covered in icy blue
                  | scales. (AC +2) [potion of mutation]
 14569 | D:8      | Gained mutation: You are dopey. (Int -2) [potion of
                  | mutation]
 14569 | D:8      | Gained mutation: You have an increased reservoir of magic.
                  | (+10% MP) [potion of mutation]
 14569 | D:8      | Lost mutation: You are dopey. (Int -2) [potion of mutation]
 14570 | D:8      | Lost mutation: You are partially covered in icy blue
                  | scales. (AC +2) [potion of mutation]
 14570 | D:8      | Lost mutation: You have an increased reservoir of magic.
                  | (+10% MP) [potion of mutation]
 14570 | D:8      | Gained mutation: You evolve. [potion of mutation]
 14570 | D:8      | Gained mutation: Your mind is acute. (Int +2) [potion of
                  | mutation]
 14570 | D:8      | Gained mutation: You have large cloven feet. [potion of
                  | mutation]
 14679 | D:3      | Killed Edmund
 14730 | D:2      | Killed Robin
 14861 | D:5      | Killed Duvessa
 14861 | D:5      | Killed Dowan
 15745 | D:12     | Killed an orc warlord
 15746 | D:12     | Reached XP level 14. HP: 108/108 MP: 6/26
 15773 | D:12     | Gained mutation: Scrolls take you a little longer to read.
                  | [evolution]
 15773 | D:12     | Lost mutation: You evolve. [end of evolution]
 15904 | D:8      | Lost mutation: Your mind is acute. (Int +2) [potion of
                  | mutation]
 15904 | D:8      | Lost mutation: Scrolls take you a little longer to read.
                  | [potion of mutation]
 15904 | D:8      | Lost mutation: You have large cloven feet. [potion of
                  | mutation]
 15904 | D:8      | Gained mutation: Your magical capacity is low. (-10% MP)
                  | [potion of mutation]
 15904 | D:8      | Gained mutation: You have a somewhat thin skeletal
                  | structure. (Dex +2, Stealth) [potion of mutation]
 15904 | D:8      | Gained mutation: You are surrounded by a mild repulsion
                  | field. (EV +2) [potion of mutation]
 15905 | D:8      | Lost mutation: Your magical capacity is low. (-10% MP)
                  | [potion of mutation]
 15905 | D:8      | Lost mutation: You are surrounded by a mild repulsion
                  | field. (EV +2) [potion of mutation]
 15905 | D:8      | Lost mutation: You have a somewhat thin skeletal structure.
                  | (Dex +2, Stealth) [potion of mutation]
 15905 | D:8      | Gained mutation: You have a beak for a mouth. [potion of
                  | mutation]
 15905 | D:8      | Gained mutation: Your system is resistant to poisons.
                  | (rPois) [potion of mutation]
 15905 | D:8      | Gained mutation: Your muscles are strong. (Str +2) [potion
                  | of mutation]
 16358 | D:12     | Killed Azrael
 16373 | D:12     | HP: 3/108 [fire elemental[Azrael] (3)]
 17266 | Orc:2    | Found Osaphawe's Antique Armour Shop.
 17273 | Orc:2    | Found Tops's General Store.
 17362 | Orc:2    | Reached skill level 5 in Shields
 17381 | Orc:2    | Found Girar's Book Boutique.
 17569 | Orc:2    | Found Notes's Assorted Antiques.
 17739 | Orc:2    | Bought a scroll labelled LAILYO EKIU for 38 gold pieces
 17739 | Orc:2    | Bought a scroll labelled VIBUL XAYCAORPH for 38 gold pieces
 17739 | Orc:2    | Bought a potion of curing for 114 gold pieces
 17739 | Orc:2    | Bought a potion of curing for 114 gold pieces
 17739 | Orc:2    | Bought a murky yellow potion for 34 gold pieces
 17739 | Orc:2    | Bought a scroll of identify for 76 gold pieces
 18161 | Orc:1    | Bought a scroll of identify for 24 gold pieces
 18161 | Orc:1    | Bought a scroll of identify for 24 gold pieces
 18161 | Orc:1    | Bought a scroll of identify for 24 gold pieces
 18161 | Orc:1    | Bought a scroll of identify for 24 gold pieces
 18195 | Orc:2    | Bought a potion of curing for 36 gold pieces
 18226 | Orc:1    | Bought a book of the Tempests for 910 gold pieces
 18358 | D:13     | Reached skill level 12 in Earth Magic
 18385 | D:13     | Found a portal to a secret trove of treasure.
 18794 | D:13     | Reached skill level 13 in Earth Magic
 18995 | D:13     | Identified the ring of Goemisea {rC+ Int+5}
 19006 | D:13     | Reached skill level 14 in Earth Magic
 19447 | D:13     | Was forgiven by Kikubaaqudgha
 19724 | D:13     | Noticed a storm dragon
 19740 | D:13     | Killed a storm dragon
 20305 | D:14     | Reached skill level 15 in Earth Magic
 20305 | D:14     | Reached XP level 15. HP: 92/113 MP: 15/27
 20861 | D:14     | Reached skill level 16 in Earth Magic
 21505 | D:14     | Found a large runed translucent door.
 21506 | D:14     | Found a large runed translucent door.
 21788 | D:14     | Reached skill level 17 in Earth Magic
 22039 | D:14     | Found a gate to the Vaults.
 22111 | D:14     | Got a fine dagger
 22112 | D:14     | Identified the +8 dagger of Hard Scrabble {vorpal, rPois
                  | Str+5 Int-4} (You found it on level 14 of the Dungeon)
 22286 | D:15     | Entered Level 15 of the Dungeon
 22572 | D:15     | Reached skill level 18 in Earth Magic
 23478 | D:15     | Reached XP level 16. HP: 97/120 MP: 13/28
 23573 | D:15     | Reached skill level 19 in Earth Magic
 23630 | D:15     | Found a staircase to the Depths.
 23957 | Orc:1    | Bought a pair of ancient gloves for 266 gold pieces
 23967 | Orc:1    | Identified the cursed +0 pair of gloves of Going Fast
                  | {rElec rC+ Int+7} (You bought it in a shop on level 1 of
                  | the Orcish Mines)
 24606 | Lair:1   | Entered Level 1 of the Lair of Beasts
 25696 | Lair:2   | Found a staircase to the Snake Pit.
 25966 | Lair:2   | Learned a level 5 spell: Bolt of Magma
 26391 | Lair:3   | Found a gate leading to a gauntlet.
 26451 | Gauntlet | Entered a Gauntlet
 26451 | Gauntlet | Found a transporter.
 26462 | Gauntlet | Learned a level 9 spell: Shatter
 26470 | Gauntlet | Found a transporter.
 26472 | Gauntlet | Found a transporter.
 26472 | Gauntlet | Found a transporter.
 26475 | Gauntlet | Found a transporter.
 26476 | Gauntlet | Found a transporter.
 26488 | Gauntlet | Found a transporter.
 26489 | Gauntlet | Found a transporter.
 26504 | Gauntlet | Found a transporter.
 26521 | Gauntlet | Found a transporter.
 26525 | Gauntlet | Found a transporter.
 26533 | Gauntlet | Found a transporter.
 26773 | Gauntlet | Reached skill level 10 in Spellcasting
 26774 | Gauntlet | Reached skill level 20 in Earth Magic
 26824 | Gauntlet | Identified the +6 hand axe of Exhibitionism {drain, +Rage
                  | Str+4}
 26845 | Gauntlet | Got an ebony fustibalus
 26845 | Gauntlet | Got a faintly glowing great sword
 27016 | Gauntlet | Got an ancient lead ring
 27128 | Gauntlet | Got a faintly humming cloak
 27169 | Gauntlet | Identified the +6 fustibalus "Seixt" {vorpal, *Slow rF+
                  | Dex+4} (You found it in a Gauntlet)
 27170 | Gauntlet | Identified the +7 great sword of Bodily Harmony {vorpal,
                  | rC+ Int+3 Stlth+} (You found it in a Gauntlet)
 27196 | Gauntlet | Identified the +0 cloak of the Harvest {Str+5 Int-2 Dex+9}
                  | (You found it in a Gauntlet)
 27208 | Gauntlet | Identified the ring of Afalah {*Contam rF+ rN+ rCorr Dex+4}
                  | (You found it in a Gauntlet)
 27232 | Gauntlet | Got a sparkling lead ring
 27263 | Gauntlet | Got a twitching ruby amulet
 27272 | Gauntlet | Identified the Papyrus of Unstable Summoning
 27337 | Lair:3   | Identified the ring "Lepheclu" {Fire rElec rPois} (You
                  | found it in a Gauntlet)
 27351 | Lair:3   | Identified the amulet "Rungojam" {Will- Regen+ Dex+8
                  | Slay-4} (You found it in a Gauntlet)
 27498 | Lair:3   | Lost mutation: Your system is resistant to poisons. (rPois)
                  | [potion of mutation]
 27498 | Lair:3   | Lost mutation: Your muscles are strong. (Str +2) [potion of
                  | mutation]
 27498 | Lair:3   | Gained mutation: You do not regenerate when monsters are
                  | visible. [potion of mutation]
 27498 | Lair:3   | Gained mutation: Potions are less effective at restoring
                  | your health. [potion of mutation]
 27498 | Lair:3   | Lost mutation: Potions are less effective at restoring your
                  | health. [potion of mutation]
 27498 | Lair:3   | Gained mutation: You are surrounded by a mild repulsion
                  | field. (EV +2) [potion of mutation]
 28679 | Lair:4   | Reached XP level 17. HP: 125/125 MP: 21/31
 28700 | Lair:4   | Found a staircase to the Shoals.
 29560 | Lair:5   | Reached skill level 10 in Shields
 29871 | Lair:6   | Entered Level 6 of the Lair of Beasts
 30223 | Lair:6   | Found a staircase to the Slime Pits.
 30699 | Lair:6   | Lost mutation: You do not regenerate when monsters are
                  | visible. [potion of mutation]
 30699 | Lair:6   | Gained mutation: You are dopey. (Int -2) [potion of
                  | mutation]
 30699 | Lair:6   | Gained mutation: You are partially covered in yellow
                  | scales. (AC +2) [potion of mutation]
 30699 | Lair:6   | Gained mutation: You have large cloven feet. [potion of
                  | mutation]
 31388 | Snake:1  | Entered Level 1 of the Snake Pit
 32818 | Snake:2  | Reached skill level 15 in Shields
 32818 | Snake:2  | Reached XP level 18. HP: 92/132 MP: 7/32
 33830 | Snake:3  | Identified the ring "Ehokk" {Str+6 Dex+6}
 33993 | Snake:3  | Got an ichor-stained short sword
 34014 | Snake:3  | Found Magu's Magic Scroll Emporium.
 34018 | Snake:3  | Bought a scroll of identify for 26 gold pieces
 34018 | Snake:3  | Bought a scroll of identify for 26 gold pieces
 34018 | Snake:3  | Bought a scroll of identify for 26 gold pieces
 34043 | Snake:3  | Found Heugh's Gadget Shop.
 34054 | Snake:3  | Found Fangyda's Assorted Antiques.
 34054 | Snake:3  | Found Boreggeo's Antique Armour Shop.
 34059 | Snake:3  | Found Ethug's Magic Scroll Boutique.
 34061 | Snake:3  | Bought a wand of iceblast (8) for 132 gold pieces
 34061 | Snake:3  | Bought a wand of iceblast (9) for 143 gold pieces
 34067 | Snake:3  | Bought a scroll of identify for 36 gold pieces
 34067 | Snake:3  | Bought a potion of brilliance for 72 gold pieces
 34067 | Snake:3  | Bought a wand of iceblast (9) for 72 gold pieces
 34071 | Snake:3  | Bought a scroll of identify for 38 gold pieces
 34071 | Snake:3  | Bought a scroll of identify for 38 gold pieces
 34071 | Snake:3  | Bought a scroll of identify for 38 gold pieces
 34071 | Snake:3  | Bought a scroll of identify for 38 gold pieces
 34071 | Snake:3  | Bought a scroll of identify for 38 gold pieces
 34071 | Snake:3  | Bought a scroll of fog for 38 gold pieces
 34071 | Snake:3  | Bought a scroll of holy word for 142 gold pieces
 34071 | Snake:3  | Bought a scroll of holy word for 142 gold pieces
 34071 | Snake:3  | Bought a scroll of summoning for 180 gold pieces
 34549 | Snake:3  | Identified the +8 short sword of Watchfulness {vorpal, rC-
                  | Str+6 Dex+9 SInv} (You found it on level 3 of the Snake
                  | Pit)
 34748 | Orc:1    | Bought a manual of Armour for 1435 gold pieces
 34948 | Snake:4  | Entered Level 4 of the Snake Pit
 35050 | Snake:4  | Got a pair of smoking gloves
 35089 | Snake:4  | Identified the +1 pair of gloves of Wasted Space {rElec
                  | Regen+ Stlth+} (You found it on level 4 of the Snake Pit)
 35142 | Snake:4  | Reached skill level 10 in Armour
 35250 | Snake:4  | Noticed Kirke
 35350 | Snake:4  | Reached skill level 10 in Fighting
 36130 | Snake:4  | Reached XP level 19. HP: 124/140 MP: 30/35
 36260 | Snake:4  | Reached skill level 15 in Armour
 36337 | Snake:4  | Got a serpentine rune of Zot
 36455 | Snake:4  | Found Qikho Ysm's Jewellery Emporium.
 36615 | Snake:3  | Killed Kirke
 36730 | Shoals:1 | Entered Level 1 of the Shoals
 36730 | Shoals:1 | Found a runed translucent gate.
 36730 | Shoals:1 | Found a runed translucent gate.
 36796 | Shoals:1 | Found a runed translucent gate.
 36823 | Shoals:1 | Noticed archon2's ghost (adept DEFE)
 37812 | Shoals:1 | Killed archon2's ghost
 37829 | Shoals:1 | Got masterwork ice dragon scales
 37831 | Shoals:1 | Got a dazzling cloak
 37855 | Shoals:1 | Identified the +3 ice dragon scales of Amorality {rF- rC++
                  | Str+3 Slay+2} (You found it on level 1 of the Shoals)
 37872 | Shoals:1 | Identified the +2 cloak "Zilim" {rElec rPois rC- Str+3}
                  | (You found it on level 1 of the Shoals)
 37908 | Shoals:2 | Noticed Aizul
 37920 | Shoals:2 | Killed Aizul
 38965 | Shoals:3 | Reached XP level 20. HP: 126/142 MP: 27/36
 39322 | Shoals:3 | Learned a level 3 spell: Ozocubu's Armour
 39454 | Shoals:3 | Reached skill level 1 in Ice Magic
 39951 | Shoals:4 | Entered Level 4 of the Shoals
 40063 | Shoals:4 | Reached skill level 15 in Necromancy
 40497 | Shoals:4 | Noticed Ilsuiw
 40517 | Shoals:4 | Killed Ilsuiw
 40826 | Shoals:4 | Reached skill level 5 in Ice Magic
 41630 | Shoals:4 | Got a barnacled rune of Zot
 42005 | D:8      | Learned a level 3 spell: Mephitic Cloud
 42144 | Vaults:1 | Entered Level 1 of the Vaults
 42232 | Vaults:1 | Reached skill level 1 in Poison Magic
 42234 | Vaults:1 | Reached skill level 1 in Air Magic
 42551 | Vaults:1 | Reached XP level 21. HP: 140/153 MP: 30/37
 43219 | Vaults:1 | Reached skill level 5 in Poison Magic
 43950 | Vaults:2 | You fall into a shaft and drop 1 floor!
 44514 | Vaults:3 | Reached skill level 5 in Air Magic
 44805 | Vaults:3 | Noticed Frederick
 44840 | Vaults:3 | Killed Frederick
 44847 | Vaults:3 | Reached skill level 10 in Ice Magic
 45583 | Vaults:2 | Found a staircase to the Crypt.
 45918 | Vaults:2 | Reached XP level 22. HP: 130/159 MP: 13/38
 45984 | Vaults:2 | Found Biciceud's Weapon Boutique.
 45984 | Vaults:2 | Found Pinluk's Jewellery Boutique.
 46014 | Vaults:2 | Found Caasuapn's Antique Weapon Boutique.
 46022 | Vaults:2 | Bought an ivory dagger for 189 gold pieces
 46022 | Vaults:2 | Identified the +9 dagger "Vydinav" {vorpal, +Inv +Fly
                  | Str+3} (You bought it in a shop on level 2 of the Vaults)
 46072 | Vaults:2 | Reached skill level 1 in Evocations
 46208 | Vaults:2 | Found Jedghestro's Distillery.
 46211 | Vaults:2 | Bought a potion of curing for 54 gold pieces
 46211 | Vaults:2 | Bought a potion of curing for 54 gold pieces
 46211 | Vaults:2 | Bought a potion of curing for 54 gold pieces
 46211 | Vaults:2 | Bought a potion of heal wounds for 90 gold pieces
 46211 | Vaults:2 | Bought 2 potions of curing for 108 gold pieces
 46211 | Vaults:2 | Bought a potion of might for 72 gold pieces
 46297 | Vaults:2 | Found a hide-covered altar of Uskayaw.
 46354 | Vaults:2 | Bought the ring of the Hare {EV+8} for 1792 gold pieces
 46354 | Vaults:2 | Found the ring of the Hare {EV+8}
 46757 | Vaults:2 | Reached skill level 5 in Evocations
 47964 | Vaults:4 | Found a huge runed gate.
 47964 | Vaults:4 | Found a huge runed gate.
 47967 | Vaults:4 | Found a huge runed gate.
 47967 | Vaults:4 | Found a huge runed gate.
 47967 | Vaults:4 | Found a huge runed gate.
 47973 | Vaults:4 | Found a huge runed gate.
 48009 | Vaults:4 | Found a huge runed gate.
 48009 | Vaults:4 | Found a huge runed gate.
 48009 | Vaults:4 | Found a huge runed gate.
 48009 | Vaults:4 | Found a huge runed gate.
 48009 | Vaults:4 | Found a huge runed gate.
 48010 | Vaults:4 | Found a huge runed gate.
 48011 | Vaults:4 | Found a huge runed gate.
 48011 | Vaults:4 | Found a huge runed gate.
 48012 | Vaults:4 | Found a huge runed gate.
 48013 | Vaults:4 | Found a huge runed gate.
 48023 | Vaults:4 | Found a huge runed gate.
 48031 | Vaults:4 | Found a huge runed gate.
 48031 | Vaults:4 | Found a huge runed gate.
 48031 | Vaults:4 | Found a huge runed gate.
 48031 | Vaults:4 | Found a huge runed gate.
 48031 | Vaults:4 | Found a huge runed gate.
 48031 | Vaults:4 | Found a huge runed gate.
 48032 | Vaults:4 | Found a huge runed gate.
 48033 | Vaults:4 | Found a huge runed gate.
 48034 | Vaults:4 | Found a huge runed gate.
 48042 | Vaults:4 | Found a huge runed gate.
 48042 | Vaults:4 | Found a huge runed gate.
 48042 | Vaults:4 | Found a huge runed gate.
 48042 | Vaults:4 | Found a huge runed gate.
 48042 | Vaults:4 | Found a huge runed gate.
 48042 | Vaults:4 | Found a huge runed gate.
 48043 | Vaults:4 | Found a huge runed gate.
 48044 | Vaults:4 | Found a huge runed gate.
 48045 | Vaults:4 | Found a huge runed gate.
 48054 | Vaults:4 | Found a huge runed gate.
 48410 | Vaults:4 | Slain by a titan

Illustrated notes

Levels and vault maps discovered:
D:1:      minmay_arrival_solitary_statue, layout_rooms, serial_glass,
          glass_columns_a, glass_columns_a, feat_on_display,
          minmay_strange_pillars, feat_on_display, kennysheep_doodads
D:2:      layout_loops_ring
D:3:      layout_loops_ring, amcnicky_altar_gilded
D:4:      layout_gridville, minmay_pentomino_pile, uniq_robin, uniq_edmund
D:5:      layout_loops_ring, minmay_temple_entry_enclosed_plants,
          serial_aquarium, aquarium_bridge_island_small
          [aquarium_subvault_small_open, aquarium_subvault_window,
          aquarium_subvault_bridge, aquarium_subvault_wall,
          aquarium_subvault_bridge], aquarium_window_1, aquarium_window_fake,
          aquarium_window_1, aquarium_view_2e, aquarium_balcony_5a,
          aquarium_pool_corner, ebering_dispersal_statue_hall, uniq_duvessa
D:6:      layout_cave_pods, portal_sewer_entry_e, nicolae_ru_awakened_eye,
          uniq_sigmund, uniq_maggie
D:7:      layout_basic, chequers_guarded_unrand_ignorance
D:8:      layout_basic, riverfiend_overflow_shadow_ancestor, minitemple,
          due_lair_maze_entry_diamond
D:9:      hangedman_screamer, layout_rooms, makhleb_heckhound_becter,
          nicolae_overflow_crystal_walls, basic_altar
D:10:     layout_stronghold, minivault_12, uniq_harold
D:11:     layout_irregular_city
D:12:     layout_rooms, zombieorc1_lemuel, grunt_ministairs_2, uniq_azrael
D:13:     minmay_the_grid_plus_closed [minmay_the_grid_all_tris,
          minmay_the_grid_fan, minmay_the_grid_garden, minmay_the_grid_empty,
          minmay_the_grid_prize_four_corners_diamond_a], layout_loops_corners,
          enter_trove_5, minmay_three_doors
D:14:     layout_loops_corners, grunt_vaults_entry_fortified,
          minmay_misc_feat_roman, minmay_hedge_maze, lightli_elemental_guards
D:15:     grunt_enter_depths_magical_seal, layout_basic, grunt_decor_resistance
Temple:   hc_temple_tempest_star
Lair:1:   layout_cave_pods, serial_bayou_shore_a
Lair:2:   layout_long_grid, minmay_snake_entry_guardpost_medium,
          grunt_megastairs_2, lemuel_fruit_fields
Lair:3:   layout_gridlike, gauntlet_entry_generic
Lair:4:   layout_roguey, minmay_shoals_entry_lonely_mermaid,
          columned_hall_lemuel, beast_lair_carwin_4
Lair:5:   layout_regular_city, beast_lair_carwin_9
Lair:6:   minmay_lair_end_frog_pond, layout_regular_city,
          nicolae_slime_entry_slimehenge
Shoals:1: layout_shoals, gammafunk_ghost_split, st_cyclops
Shoals:2: layout_shoals, uniq_aizul
Shoals:3: layout_shoals, hangedman_shoals_cup_caves
Shoals:4: shoals_end_hangedman, layout_shoals, shoals_ilsuiw_alternative
Snake:1:  layout_layer_cave, grunt_ministairs_13
Snake:2:  layout_grid_maze
Snake:3:  layout_misc_corridors, serial_shops, shop_statue,
          statue_in_the_mist_lemuel, nrook_guardian_serpent_ordinary,
          minmay_shoptagon
Snake:4:  grunt_snake_rune_serpentine_throne, layout_misc_corridors,
          serial_shops, shop, uniq_kirke
Orc:1:    cheibrodos_orc_guarddog, layout_caves, serial_shops, shop_coins, shop,
          shop_fountains, shop, shop, basic_altar, nicolae_orc_damp_corner,
          uniq_josephine
Orc:2:    st_orc_open, layout_caves
Vaults:1: nicolae_vaults_big_ls, hangedman_vaults_unwind,
          vaults_standard_mumra_x, v_misc_5, ontoclasm_vaults_spin,
          grunt_vaults_diagonal, layout_vaults_big_room
Vaults:2: hangedman_vaults_variations, hangedman_vaults_hard_town_square,
          minmay_crypt_entry_simple_corners, ontoclasm_vaults_chip,
          hangedman_vaults_maws, vaults_room_hallway, vaults_dpeg_hooks,
          vaults_mumra_minichess, vaults_room_pools, v_pattern_3, v_misc_26,
          ontoclasm_vaults_idyll, layout_vaults_maze_snakey, serial_shops,
          nicolae_shop_behind_doors, basic_altar
Vaults:3: vaults_room_ringed_pool, dpeg_vaults_monster_box,
          vaults_room_fancy_cross, hangedman_vaults_trim,
          hangedman_vaults_river_flow, vaults_room_stairs_pillars,
          layout_vaults_omnigrid, uniq_frederick
Vaults:4: v_misc_1, nicolae_vaults_diagonal_hallway_7,
          hangedman_vaults_capsules, hangedman_vaults_corner_blocks,
          ontoclasm_vaults_loading_screen, nicolae_vaults_network_barrier,
          nicolae_vaults_three_branches, vaults_door_vault,
          nicolae_vaults_diagonal_hallway_8, v_misc_11,
          ontoclasm_vaults_decontamination, vaults_room_grunt_arrival_ludios,
          layout_vaults_ring

Skill      XL: |  1  2  3  4  5  6  7  8  9 10 11 12 13 14 15 16 17 18 19 20 21 22 |
---------------+-------------------------------------------------------------------+-----
Conjurations   | 4 5 6 |  6.0
Fighting       | 1 2 3 5 6 7 9 10 | 10.0
Armour         | 1 2 3 5 6 7 9 13 16 | 16.3
Spellcasting   | 3 6 7 8 10 12 | 12.0
Slings         | 1 |  1.0
Necromancy     | 2 6 9 10 11 12 14 15 16 18 | 18.5
Dodging        | 2 3 4 5 6 7 |  7.0
Earth Magic    | 6 9 10 11 15 18 20 | 20.1
Fire Magic     | 2 4 6 |  6.0
Shields        | 7 8 15 | 15.0
Ice Magic      | 7 10 | 10.0
Poison Magic   | 3 5 |  5.0
Air Magic      | 2 6 |  6.0
Evocations     | 8 |  8.0
Stealth        | |  2.4

Action                   |  1- 3 |  4- 6 |  7- 9 | 10-12 | 13-15 | 16-18 | 19-21 | 22-24 || total
-------------------------+-------+-------+-------+-------+-------+-------+-------+-------++-------
Melee: Short sword       |    13 |     7 |       |       |       |       |       |       ||    20
       Staff             |       |       |       |       |     9 |       |       |       ||     9
       Peck              |       |       |       |       |    22 |   277 |    79 |    15 ||   393
       Scimitar          |       |       |       |       |    11 |     5 |       |       ||    16
       Mace              |       |       |       |       |    58 |   159 |       |       ||   217
       Great sword       |       |       |       |       |       |   406 |   203 |    54 ||   663
       Kick              |       |       |       |       |       |   209 |   135 |    31 ||   375
 Fire: Hunting sling     |       |    58 |   108 |   434 |   684 |    69 |       |       ||  1353
       Fustibalus        |       |       |       |       |       |    97 |   660 |   137 ||   894
 Cast: Magic Dart        |    30 |     6 |     7 |       |       |       |       |       ||    43
       Searing Ray       |     8 |    31 |    60 |    82 |    16 |       |       |       ||   197
       Borgnjor's Vile C |       |       |       |    44 |   217 |   300 |   402 |   115 ||  1078
       Sublimation of Bl |       |       |       |     4 |    47 |    64 |   187 |    51 ||   353
       Dispel Undead     |       |       |       |    12 |    14 |     6 |    12 |     4 ||    48
       Conjure Flame     |       |       |       |    17 |    62 |     6 |    15 |       ||   100
       Shatter           |       |       |       |       |       |     3 |       |       ||     3
       Bolt of Magma     |       |       |       |       |       |     1 |     3 |       ||     4
       Vampiric Draining |       |       |       |       |       |     1 |     8 |     2 ||    11
       Ozocubu's Armour  |       |       |       |       |       |       |    10 |     3 ||    13
       Mephitic Cloud    |       |       |       |       |       |       |     3 |     7 ||    10
Invok: Receive Necronomi |       |       |       |       |     1 |       |       |       ||     1
       Renounce Religion |       |       |       |       |     1 |       |       |       ||     1
 Abil: Dig               |     4 |     5 |    25 |    31 |    56 |    53 |    29 |       ||   203
  Use: Scroll            |       |     5 |     3 |     9 |    13 |    17 |     2 |     1 ||    50
       Potion            |       |       |       |     1 |     5 |     4 |     4 |     1 ||    15
 Stab: Sleeping          |     1 |       |       |       |       |       |       |       ||     1
       Distracted        |       |       |       |       |       |     9 |     4 |       ||    13
       Confused          |       |       |       |       |       |       |     1 |     2 ||     3
Armor: Robe              |       |    12 |    14 |    59 |    29 |       |       |       ||   114
       Leather armour    |       |     3 |       |       |       |       |       |       ||     3
       Troll leather arm |       |       |       |       |   100 |   160 |    79 |    26 ||   365
Dodge: Dodged            |    15 |    40 |    52 |   147 |   250 |   529 |   203 |    63 ||  1299
Block: Other             |       |       |       |    32 |    47 |       |       |       ||    79
       Reflection        |       |       |       |     6 |    17 |     5 |   155 |    67 ||   250
       Buckler           |       |       |       |       |   110 |   172 |       |       ||   282
       Kite shield       |       |       |       |       |       |   213 |       |       ||   213
       Tower shield      |       |       |       |       |       |   704 |  1081 |   294 ||  2079
       Rpst.: Scimitar   |       |       |       |       |     4 |     1 |       |       ||     5
       Great sword       |       |       |       |       |       |    70 |    14 |     2 ||    86
